cohdb
Replays
Latest Replays
All Replays
Popular Replays
Top Player Replays
Match Explorer
How It Works
Community
CoH3 Stats
Reddit
Sign in to upload your games and track your stats! →
Sign in with Steam
Match 42147506
Unlisted
Match 42147506
Overview
Messages
Build Orders
End
Kradschützen Motorcycle Team
Panzergrenadier Squad
Selects Italian Infantry
250 Light Carrier
Construct Light Support Kompanie
Panzergrenadier Squad
MG34 Team
Fire Support Elements
Combat Half-tracks
Panzerjäger Mechanized Group
Panzerpioneer Squad
Selects Guastatori Squad
Selects L6/40 Light Tank Combat Group
Selects Guastatori Squad
Selects Registered Artillery
Flakvierling Half-track
Guastatori Squad
Selects Towed Cannone da 105/28 Field Howitzer
Towed Cannone da 105/28 Field Howitzer
Selects Defensive Operations
Selects Prepared Positions
Construct Panzerarmee Kommand
Pak 38 Anti-tank Gun Team
Panzer III L Medium Tank
Assault Mechanized Group
Panzergrenadier Squad
stediscus
DibbeTC
0
0
Comments
sign in to comment!
No comments posted yet!